 Dungeon Crawl Stone Soup version bcrawl-1.13 (webtiles) character file.

Game seed: 8809120014993829325

2288 Camlann the Carver (level 9, -5/71 HPs)
             Began as a Demonspawn Archaeologist on July 27, 2019.
             Was an Initiate of Makhleb.
             Slain by a troll (6 damage)
             ... on level 6 of the Dungeon.
             The game lasted 00:09:55 (6273 turns).

Camlann the Carver (Demonspawn Archaeologist)       Turns: 6273, Time: 00:09:55

Health: -5/71      AC:  7    Str: 15      XL:     9   Next: 17%
Magic:  9/9        EV: 13    Int: 15      God:    Makhleb [......]
Gold:   335        SH:  2    Dex: 13 (14) Spells: 8/8 levels left

rFire    + + .     SeeInvis .   f - +2 sword of Power
rCold    . . .     Gourm    .   (shield currently unavailable)
rNeg     . . .     Faith    .   b - +1 robe
rPois    .         Spirit   .   c - +1 hat
rElec    .         Reflect  .   e - +0 cloak
rCorr    .         Harm     .   n - +0 pair of gloves
MR       .....                  (no boots)
Stlth    ++........             (no amulet)
HPRegen  3.21/turn              h - ring of protection from fire
MPRegen  0.11/turn              t - ring of protection from fire

@: no status effects
A: hooves 2, thin skeletal structure 1, powered by death 3, rot immunity
a: Renounce Religion


You were on level 6 of the Dungeon.
You worshipped Makhleb.
Makhleb was noncommittal.
You were not hungry.

You visited 2 branches of the dungeon, and saw 7 of its levels.

You collected 335 gold pieces.

Inventory:

Hand Weapons
 f - the +2 sword of Power (weapon)
Armour
 b - a +1 robe (worn)
 c - a +1 hat (worn)
 e - a +0 cloak (worn)
 n - a +0 pair of gloves (worn)
Jewellery
 h - a ring of protection from fire (left hand)
 m - a +6 ring of intelligence
 t - a ring of protection from fire (right hand)
Wands
 d - a wand of polymorph (5)
 p - a wand of random effects (9)
Scrolls
 i - a scroll of identify
 j - 3 scrolls of teleportation
 r - a scroll of fog
 s - a scroll of remove curse
Potions
 k - 5 potions of curing
 l - a potion of brilliance
 o - a potion of degeneration
 q - a potion of cancellation
 u - a potion of heal wounds
Comestibles
 a - a chunk of flesh
 g - 10 rations {!d}


   Skills:
 + Level 6.9 Fighting
 + Level 8.6 Long Blades
   Level 0.8 Maces & Flails
 + Level 5.5 Armour
 - Level 2.6 Dodging
 - Level 3.0 Stealth


You had 8 spell levels left.
You didn't know any spells.
Your spell library contained the following spells:

 Spells                   Type           Power        Failure   Level  Hunger
 Beastly Appendage        Tmut           #.....       26%         1    ##.....
 Corona                   Hex            #......      26%         1    ##.....
 Ensorcelled Hibernation  Hex/Ice        #.....       38%         2    ###....
 Sticks to Snakes         Tmut           #.......     38%         2    ###....
 Confuse                  Hex            #.......     63%         3    ####...
 Dazzling Spray           Conj/Hex       #.....       63%         3    ####...
 Spider Form              Tmut/Pois      #..          63%         3    ####...
 Tukima's Dance           Hex            #.......     63%         3    ####...
 Ice Form                 Ice/Tmut       #.......     95%         4    #####..
 Petrify                  Tmut/Erth      #.......     95%         4    #####..
 Yara's Violent Unravell  Hex/Tmut       #.........   95%         4    #####..
 Blade Hands              Tmut           #.........   100%        5    ######.
 Metabolic Englaciation   Hex/Ice        #.........   100%        5    ######.
 Mana Rupture             Conj/Hex       #.........   100%        7    #######


Dungeon Overview and Level Annotations

Branches:
Dungeon (6/12)             Temple (1/1) D:6

Altars:
Ashenzari
Elyvilon
Hepliaklqana
Makhleb
Qazlal
Ru
Sif Muna
Trog
Vehumet
Wu Jian
Yredelemnul
Zin
The Shining One


Innate Abilities, Weirdness & Mutations

You have hoof-like feet.
You have a somewhat thin skeletal structure. (Dex +2, Stealth)
You regenerate a lot of health from kills.
You are immune to rotting.


Message History

You hit the troll but do no damage. Your kick misses the troll.
The bullfrog hits you. The orc closely misses you. The troll barely misses you.
The troll claws you but does no damage. The troll claws you.
The bullfrog hits you.
Some of the chunks of flesh in your inventory have rotted away.
You barely miss the troll. The bullfrog hits you.
The orc hits you but does no damage. The troll closely misses you.
The troll barely misses you. The troll claws you.
The bullfrog barely misses you. The orc misses you.
You hit the troll. You kick the troll.
The bullfrog hits you but does no damage.
The troll bites you!
* * * LOW HITPOINT WARNING * * *
The troll claws you!
* * * LOW HITPOINT WARNING * * *
The troll closely misses you. The orc hits you but does no damage.
The bullfrog hits you.
* * * LOW HITPOINT WARNING * * *
The troll bites you.
You die...

##+#..###.#.###.....
#.......#..... .....
#.......###.###......
#.......###.# .....
#####.......# .....
#..###... #..# ...
#..# . #@.#
#FoT...... #.........
..........
...........
............
....######... .....
##.


You could see a troll, a bullfrog and an orc.

Vanquished Creatures
  A hippogriff (D:4)
  Sigmund (D:6)
  A water moccasin (D:6)
  A black bear (D:4)
  3 sky beasts (D:4)
  An ice beast (D:5)
  3 ogres
  A centaur (D:5)
  3 bullfrogs
  A howler monkey (D:5)
  A centaur zombie (D:5)
  4 crimson imps
  2 quasits
  A bullfrog zombie (D:5)
  2 orc priests (D:5)
  A bullfrog skeleton (D:5)
  A hound (D:5)
  A centaur skeleton (D:4)
  A gnoll shaman (D:4)
  2 orc wizards (D:6)
  Crazy Yiuf (D:3)
  Ijyb (D:4)
  2 iguanas
  2 worker ants
  3 adders
  3 gnolls (D:4)
  A shadow imp (D:5)
  An ooze (D:1)
  An adder skeleton (D:4)
  3 worms
  2 dart slugs
  6 leopard geckos
  8 orcs
  6 bats
  A giant cockroach (D:2)
  2 goblins
  3 hobgoblins
  21 jackals
  7 kobolds
  2 quokkas
  5 ball pythons
  3 frilled lizards
  5 rats
121 creatures vanquished.

Notes
Turn   | Place    | Note
-------+----------+-------------------------------------------
     0 | D:1      | Camlann the Demonspawn Archaeologist began the quest for
                  | the Orb.
     0 | D:1      | Reached XP level 1. HP: 15/15 MP: 1/1
    33 | D:1      | Gained mutation: You are immune to rotting. [demonic
                  | ancestry]
    33 | D:1      | Reached XP level 2. HP: 14/22 MP: 2/2
  1206 | D:2      | Gained mutation: You have large cloven feet. [demonic
                  | ancestry]
  1206 | D:2      | Reached XP level 3. HP: 29/29 MP: 3/3
  1257 | D:2      | Reached skill level 1 in Long Blades
  1527 | D:2      | Reached skill level 2 in Long Blades
  2089 | D:3      | Reached skill level 3 in Long Blades
  2089 | D:3      | Gained mutation: You regenerate a little health from kills.
                  | [demonic ancestry]
  2089 | D:3      | Reached XP level 4. HP: 26/35 MP: 4/4
  2436 | D:3      | Found a bloodstained altar of Trog.
  2760 | D:3      | Noticed a bullfrog
  2761 | D:3      | Found a hazy altar of Hepliaklqana.
  2782 | D:3      | Killed a bullfrog
  2782 | D:3      | Reached skill level 5 in Long Blades
  2782 | D:3      | Gained mutation: You regenerate health from kills. [demonic
                  | ancestry]
  2782 | D:3      | Reached XP level 5. HP: 41/41 MP: 5/5
  2953 | D:3      | Reached skill level 6 in Long Blades
  3254 | D:3      | Found a runed door.
  3258 | D:3      | Noticed Crazy Yiuf
  3271 | D:3      | Paralysed by Crazy Yiuf for 4 turns
  3280 | D:3      | Killed Crazy Yiuf
  3468 | D:3      | Gained mutation: You have a somewhat thin skeletal
                  | structure. (Dex +2, Stealth) [demonic ancestry]
  3468 | D:3      | Reached XP level 6. HP: 37/47 MP: 6/6
  3779 | D:4      | Reached skill level 1 in Armour
  3876 | D:4      | Found an ornate altar of the Wu Jian Council.
  4011 | D:4      | Found a white marble altar of Elyvilon.
  4062 | D:4      | Reached XP level 7. HP: 51/53 MP: 7/7
  4079 | D:4      | Found a basalt altar of Yredelemnul.
  4125 | D:4      | Reached skill level 7 in Long Blades
  4334 | D:4      | Noticed a hippogriff
  4726 | D:4      | Killed a hippogriff
  4726 | D:4      | Reached skill level 5 in Fighting
  4726 | D:4      | Gained mutation: You have hoof-like feet. [demonic
                  | ancestry]
  4726 | D:4      | Reached XP level 8. HP: 21/62 MP: 8/8
  4737 | D:4      | Noticed Ijyb
  4802 | D:4      | Killed Ijyb
  5258 | D:5      | Entered Level 5 of the Dungeon
  5329 | D:5      | Found a glowing golden altar of the Shining One.
  5513 | D:5      | Reached skill level 8 in Long Blades
  5992 | D:6      | Found a bloodstained altar of Trog.
  6014 | D:6      | Reached skill level 5 in Armour
  6046 | D:6      | Gained mutation: You regenerate a lot of health from kills.
                  | [demonic ancestry]
  6046 | D:6      | Reached XP level 9. HP: 61/71 MP: 9/9
  6049 | D:6      | Found a staircase to the Ecumenical Temple.
  6061 | D:6      | Noticed Sigmund
  6070 | D:6      | Killed Sigmund
  6088 | Temple   | Entered the Ecumenical Temple
  6192 | Temple   | Became a worshipper of Makhleb the Destroyer
  6259 | D:6      | Noticed a troll
  6273 | D:6      | HP: 1/71 [bullfrog (6)]
  6273 | D:6      | Slain by a troll

Skill      XL: |  1  2  3  4  5  6  7  8 |
---------------+-------------------------+-----
Fighting       | 2 3 5 6 |  6.9
Long Blades    | 3 5 6 7 8 |  8.6
Armour         | 2 3 5 |  5.5
Maces & Flails | |  0.8
Dodging        | |  2.6
Stealth        | |  3.0

Action                   |  1- 3 |  4- 6 |  7- 9 || total
-------------------------+-------+-------+-------++-------
Melee: Whip              |   230 |   125 |       ||   355
       Great sword       |       |    53 |   150 ||   203
       Kick              |       |       |    19 ||    19
  Use: Scroll            |     6 |     2 |     3 ||    11
       Potion            |       |     5 |     1 ||     6
 Stab: Sleeping          |     6 |     6 |     6 ||    18
  Eat: Chunk             |     4 |     7 |     7 ||    18
Armor: Robe              |    93 |    73 |    78 ||   244
       Skin              |       |    39 |       ||    39
Dodge: Dodged            |   223 |   120 |   123 ||   466
Block: Other             |       |     5 |    12 ||    17
